2441 views
Uploaded 2024-03-11 01:28:47
Game version 1.36 (6115)
16:08 long 1on2 private game on (4)BasaltBasin_1.3
Saved by Alex11Chr
2441 views
Uploaded 2024-03-11 01:28:47
Game version 1.36 (6115)
16:08 long 1on2 private game on (4)BasaltBasin_1.3

61 units @ 8.7k
/ 0.6k
24 buildings @ 4k
/ 1.1k


| Rod of Necromancy | 1 | 150 |
| Sacrificial Skull | 1 | 50 |
| Potion of Healing | 2 | 300 |
| Potion of Mana | 1 | 200 |
| total: | 5 | 700g |
| Acolyte | 7 | 525 | / | 0 |
| Ghoul | 12 | 1440 | / | 0 |
| Gargoyle | 19 | 3325 | / | 570 |
| total: | 38 | 5290g | / | 570w |
| Altar of Darkness | 1 | 180 | / | 50 |
| Crypt | 3 | 600 | / | 150 |
| Ziggurat | 5 | 750 | / | 250 |
| Tomb of Relics | 1 | 130 | / | 30 |
| Graveyard | 1 | 215 | / | 0 |
| Halls of the Dead | 1 | 320 | / | 210 |
| total: | 11 | 1875g | / | 480w |
| 0:05 | Acolyte |
| 0:09 | Altar of Darkness |
| 0:14 | Crypt |
| 0:27 | Ziggurat |
| 0:36 | Acolyte |
| 1:00 | Acolyte |
| 1:18 | Ghoul |
| 1:35 | Tomb of Relics |
| 1:40 | Ghoul |
| 2:04 | Ghoul |
| 2:07 | Ziggurat |
| 2:14 | Ghoul |
| 2:20 | Death Coil |
| 3:01 | Halls of the Dead |
| 3:06 | Rod of Necromancy |
| 3:39 | Ghoul |
| 3:39 | Ghoul |
| 3:39 | Ghoul |
| 3:43 | Ziggurat |
| 4:32 | Ghoul |
| 4:43 | Graveyard |
| 5:06 | Ziggurat |
| 5:10 | Ghoul |
| 5:11 | Ghoul |
| 5:11 | Ghoul |
| 5:11 | Ghoul |
| 5:21 | Unholy Aura |
| 6:25 | Gargoyle |
| 6:25 | Gargoyle |
| 6:25 | Gargoyle |
| 6:38 | Crypt |
| 6:43 | Sacrificial Skull |
| 6:49 | Carrion Swarm |
| 7:21 | Crypt |
| 8:27 | Death Coil |
| 8:43 | Gargoyle |
| 8:43 | Gargoyle |
| 8:47 | Gargoyle |
| 8:47 | Gargoyle |
| 9:13 | Potion of Healing |
| 9:13 | Potion of Mana |
| 9:24 | Potion of Healing |
| 9:50 | Vampiric Aura |
| 9:52 | Gargoyle |
| 10:12 | Acolyte |
| 10:12 | Acolyte |
| 10:12 | Acolyte |
| 10:16 | Acolyte |
| 10:46 | Gargoyle |
| 11:31 | Gargoyle |
| 11:33 | Gargoyle |
| 12:00 | Gargoyle |
| 12:00 | Gargoyle |
| 12:49 | Gargoyle |
| 12:55 | Gargoyle |
| 13:16 | Gargoyle |
| 13:30 | Carrion Swarm |
| 13:38 | Unholy Aura |
| 13:50 | Gargoyle |
| 14:28 | Ziggurat |
| 15:25 | Gargoyle |
| 15:35 | Gargoyle |
| Right click | 331 |
| Select | 175 |
| Select group | 109 |
| Build/train/purchase | 59 |
| Assign group | 27 |
| Use ability | 24 |
| Misc. action | 16 |
| Remove unit | 3 |
| Minimap ping | 2 |
| Item give/drop | 1 |
| Esc | 1 |



| Potion of Mana | 2 | 400 |
| Potion of Healing | 4 | 600 |
| Lesser Clarity Potion | 5 | 350 |
| total: | 11 | 1350g |
| Peon | 9 | 675 | / | 0 |
| Grunt | 12 | 2400 | / | 0 |
| Troll Witch Doctor | 2 | 290 | / | 50 |
| total: | 23 | 3365g | / | 50w |
| Altar of Storms | 1 | 180 | / | 50 |
| Orc Burrow | 8 | 1280 | / | 320 |
| Barracks | 1 | 180 | / | 50 |
| War Mill | 1 | 205 | / | 0 |
| Voodoo Lounge | 1 | 130 | / | 30 |
| Spirit Lodge | 1 | 150 | / | 150 |
| Stronghold | 1 | 315 | / | 190 |
| Fortress | 1 | 325 | / | 190 |
| total: | 13 | 2125g | / | 600w |
| 0:04 | Peon |
| 0:04 | Peon |
| 0:07 | Altar of Storms |
| 0:09 | Orc Burrow |
| 0:15 | Orc Burrow |
| 0:35 | Peon |
| 0:40 | Barracks |
| 0:49 | Peon |
| 0:58 | Peon |
| 1:05 | Peon |
| 1:24 | Peon |
| 1:25 | Peon |
| 1:42 | War Mill |
| 1:50 | Orc Burrow |
| 2:09 | Grunt |
| 2:19 | Healing Wave |
| 2:41 | Stronghold |
| 3:01 | Grunt |
| 3:16 | Voodoo Lounge |
| 3:29 | Steel Armor |
| 3:50 | Grunt |
| 4:05 | Orc Burrow |
| 5:07 | Berserker Strength |
| 5:15 | Steel Melee Weapons |
| 5:38 | Grunt |
| 5:39 | Grunt |
| 5:55 | Hex |
| 6:19 | Chain Lighting |
| 6:24 | Peon |
| 6:26 | Fortress |
| 6:31 | Potion of Mana |
| 6:43 | Potion of Healing |
| 6:50 | Lesser Clarity Potion |
| 7:05 | Potion of Healing |
| 7:31 | Orc Burrow |
| 7:41 | Grunt |
| 9:08 | Grunt |
| 9:09 | Grunt |
| 9:15 | Spirit Lodge |
| 9:17 | Thorium Armor |
| 9:23 | Lesser Clarity Potion |
| 9:26 | Potion of Healing |
| 9:30 | Lesser Clarity Potion |
| 10:13 | Orc Burrow |
| 10:57 | Feral Spirit |
| 11:18 | Healing Wave |
| 11:30 | Orc Burrow |
| 11:32 | Witch Doctor Adept Training |
| 11:32 | Troll Witch Doctor |
| 11:33 | Troll Witch Doctor |
| 11:47 | Grunt |
| 12:01 | Endurance Aura |
| 12:29 | Orc Burrow |
| 12:33 | Witch Doctor Master Training |
| 12:35 | Grunt |
| 13:43 | Grunt |
| 13:44 | Grunt |
| 13:46 | Potion of Healing |
| 13:47 | Lesser Clarity Potion |
| 13:47 | Lesser Clarity Potion |
| 13:52 | Potion of Mana |
| 14:37 | Thorium Melee Weapons |
| 15:21 | Feral Spirit |
| 15:39 | War Stomp |
| 16:01 | Arcanite Armor |
| 16:01 | Arcanite Melee Weapons |
| Right click | 1547 |
| Select group | 163 |
| Select | 114 |
| Build/train/purchase | 67 |
| Assign group | 36 |
| Use ability | 17 |
| Item give/drop | 4 |
| Remove unit | 2 |
⇛